[Event "Titled Tuesday Blitz January 31 Late 2023"]
[White "Papasimakopoulos, Alexandros"]
[Black "Cruz, William Ferreira Da"]
[WhiteFideId "4244125"]
[BlackFideId "2118050"]
[WhiteElo "2401"]
[BlackElo "2216"]
[Result "1-0"]
[Round "04"]
[TimeControl "180+2"]
[Date "2023.01.31"]
[WhiteClock "0:00:34"]
[BlackClock "0:00:07"]

1. d4 Nf6 2. c4 g6 3. Nc3 Bg7 4. Bg5 d6 5. e3 h6 6. Bh4 O-O 7. Be2 Nbd7 8. Nf3 c6 9. O-O g5 10. Bg3 Nh5 11. Nd2 Nxg3 12. hxg3 f5 13. Qc2 e6 14. Rad1 Nf6 15. Bd3 d5 16. b4 Ne4 17. b5 Nxc3 18. Qxc3 c5 19. Nb3 cxd4 20. exd4 f4 21. cxd5 exd5 22. gxf4 gxf4 23. f3 Bf5 24. Bxf5 Rxf5 25. Rfe1 Rc8 26. Qd3 Rh5 27. Re5 Bxe5 28. Qg6+ Bg7 29. Qxh5 Qg5 30. Qh3 Rc2 31. Re1 Kh7 32. Kh2 Rxa2 33. Nc5 Qg3+ 34. Qxg3 fxg3+ 35. Kxg3 Bxd4 36. Rc1 Bxc5 37. Rxc5 d4 38. Rc7+ Kg6 39. Rxb7 d3 40. Rd7 d2 41. Kf4 Kf6 42. g4 Ke6 43. Rd8 Ke7 44. Rd3 Kf6 45. Ke3 Rb2 46. Rxd2 Rxb5 47. Rd6+ Kg5 48. Ra6 Rb3+ 49. Kf2 1-0


[Site "https://www.chess.com"]

[Event "Titled Tuesday Blitz January 31 Late 2023"]
[White "Klekowski, Maciej"]
[Black "Wartiovaara, Oliver"]
[WhiteFideId "1132717"]
[BlackFideId "513024"]
[WhiteElo "2477"]
[BlackElo "2264"]
[Result "1-0"]
[Round "04"]
[TimeControl "180+2"]
[Date "2023.01.31"]
[WhiteClock "0:02:27"]
[BlackClock "0:01:32"]

1. Nf3 Nf6 2. b3 g6 3. Bb2 Bg7 4. g3 O-O 5. Bg2 c5 6. O-O d6 7. d3 e5 8. c4 Nc6 9. Nc3 h6 10. Ne1 Be6 11. Rc1 Rc8 12. e4 Nd7 13. Nc2 f5 14. exf5 gxf5 15. Ne3 f4 16. Ned5 Nd4 17. Re1 fxg3 18. hxg3 Qg5 19. Ne4 Qg4 20. Qxg4 Bxg4 21. Bxd4 exd4 22. Nxd6 Rc6 23. Ne7+ 1-0


[Site "https://www.chess.com"]

[Event "Titled Tuesday Blitz January 31 Late 2023"]
[White "Danielyan, Vahe"]
[Black "Petkov, Momchil"]
[WhiteFideId "13304828"]
[BlackFideId "2921642"]
[WhiteElo "2346"]
[BlackElo "2522"]
[Result "1-0"]
[Round "04"]
[TimeControl "180+2"]
[Date "2023.01.31"]
[WhiteClock "0:00:25"]
[BlackClock "0:00:03"]

1. e4 c5 2. Nc3 e6 3. Nf3 a6 4. d4 cxd4 5. Nxd4 b5 6. g3 Bb7 7. Bg2 Nf6 8. a3 Qc7 9. O-O Nc6 10. Nxc6 Bxc6 11. Re1 Bc5 12. a4 b4 13. Nd5 Qa7 14. Nxf6+ gxf6 15. Be3 Bxe3 16. Rxe3 Qc5 17. Qd2 h5 18. Rae1 h4 19. g4 Ke7 20. h3 Rac8 21. b3 a5 22. Rd3 Rhd8 23. e5 Bxg2 24. exf6+ Kxf6 25. Qh6+ Ke7 26. Qxh4+ Ke8 27. Kxg2 Qxc2 28. Rf3 Qg6 29. Re5 d6 30. Rg5 Qe4 31. Qh8+ Kd7 32. Qf6 Rf8 33. Rxa5 Rc3 34. Ra7+ Kc6 35. Ra6+ Kc5 36. Kg3 Rxf3+ 37. Qxf3 Qxf3+ 38. Kxf3 d5 39. Ra7 Kd4 40. Rc7 Kd3 41. h4 e5 42. h5 f5 43. g5 f4 44. g6 e4+ 45. Kg4 e3 46. fxe3 fxe3 47. g7 Re8 48. h6 e2 49. Rc1 Kd2 50. Ra1 e1=Q 51. Rxe1 Rxe1 52. Kf3 Rg1 53. h7 Rxg7 54. h8=Q Rf7+ 55. Kg2 Kc2 56. Qd4 Rf5 57. a5 Rg5+ 58. Kf3 Rf5+ 59. Ke3 Kxb3 60. a6 Rf7 61. Qxd5+ 1-0


[Site "https://www.chess.com"]

[Event "Titled Tuesday Blitz January 31 Late 2023"]
[White "Sokolovsky, Yahli"]
[Black "Shubenkova, Veronika"]
[WhiteFideId "2820242"]
[BlackFideId "44124040"]
[WhiteElo "2461"]
[BlackElo "1960"]
[Result "1-0"]
[Round "04"]
[TimeControl "180+2"]
[Date "2023.01.31"]
[WhiteClock "0:00:11"]
[BlackClock "0:00:20"]

1. b3 d5 2. e3 Nf6 3. Nf3 g6 4. Bb2 Bg7 5. d4 O-O 6. Bd3 Bg4 7. Nbd2 Nbd7 8. O-O Bxf3 9. Nxf3 Re8 10. c4 c6 11. Qc2 Rc8 12. Rad1 Ng4 13. h3 Nh6 14. e4 dxe4 15. Bxe4 e6 16. Rfe1 Nf5 17. Qb1 Nd6 18. Bc2 Qa5 19. Qa1 Qh5 20. Ne5 Rcd8 21. Nd3 Qa5 22. Bc3 Qc7 23. Qc1 Nf5 24. Qb2 Nf8 25. Nc5 b6 26. Ne4 Nd6 27. Ng5 Nf5 28. Nf3 c5 29. d5 Bxc3 30. Qxc3 Ng7 31. Qf6 exd5 32. Rxe8 Nxe8 33. Qh4 d4 34. Ng5 Ng7 35. Re1 h5 36. Bd3 Qd7 37. Qf4 Nfe6 38. Nxe6 Nxe6 39. Qf6 Nf8 40. Re7 Qe8 41. Rxe8 Rxe8 42. Kf1 Ne6 43. Qe5 Kf8 44. g4 hxg4 45. hxg4 Ng7 46. Qd6+ Re7 47. f4 Ne8 48. Qd5 Re3 49. Be2 Nf6 50. Qd6+ Kg7 51. g5 Re6 52. gxf6+ Kxf6 53. Qd5 Ke7 54. Qg5+ Kd7 55. Qg3 f5 56. Qg5 a5 57. Qh6 Kd6 58. Qf8+ Kd7 59. Bf3 d3 60. Qf7+ Kd6 61. Qb7 Re3 62. Kf2 Re7 63. Qd5+ Kc7 64. Qxd3 Rd7 65. Bd5 Rd6 66. Qg3 Kd7 67. Qg5 Kc7 68. Qh6 Kd7 69. Qg7+ Kd8 70. Qf7 Kc8 71. Kg3 Kd8 72. Kh4 Kc8 73. Kg5 b5 74. cxb5 a4 75. bxa4 Kd8 76. a5 Kc8 77. a6 1-0


[Site "https://www.chess.com"]

[Event "Titled Tuesday Blitz January 31 Late 2023"]
[White "Kovacs, Klara"]
[Black "Krysa, Leandro"]
[WhiteFideId "733210"]
[BlackFideId "116807"]
[WhiteElo "2121"]
[BlackElo "2541"]
[Result "0-1"]
[Round "04"]
[TimeControl "180+2"]
[Date "2023.01.31"]
[WhiteClock "0:00:15"]
[BlackClock "0:00:05"]

1. d4 d5 2. Nf3 Nf6 3. g3 g6 4. Bg2 Bg7 5. O-O O-O 6. Nbd2 c6 7. Ne5 Nbd7 8. f4 Ne8 9. c4 dxc4 10. Ndxc4 Nd6 11. b3 Nf6 12. Ba3 Bf5 13. Nxd6 exd6 14. Nc4 Be4 15. Nxd6 Bxg2 16. Kxg2 Nd5 17. Qd3 f5 18. Rae1 Rf6 19. Nc4 Re6 20. Ne5 Qa5 21. b4 Qa4 22. Qb3 Qxb3 23. axb3 Bf8 24. Kf3 a5 25. b5 Bxa3 26. bxc6 bxc6 27. g4 fxg4+ 28. Nxg4 Bb4 29. Rc1 Bd2 30. Rc5 Nxf4 31. e4 Rf8 32. Nh6+ Kg7 33. Nf5+ gxf5 34. exf5 Re3+ 35. Kg4 Nd5 36. Rxc6 Re2 37. Rd6 Ne3+ 38. Kf3 Nxf1 39. Kxe2 Rxf5 40. Rd7+ Kg6 41. Rd6+ Kg5 42. Rd7 Bb4 43. Rg7+ Kf6 44. Rg8 Nxh2 45. Rf8+ Kg6 46. Rg8+ Kf7 47. Rh8 Nf3 48. Rxh7+ Ke6 49. Rh6+ Kd5 50. Kd3 Nxd4 51. Rh8 Rf3# 0-1


[Site "https://www.chess.com"]

[Event "Titled Tuesday Blitz January 31 Late 2023"]
[White "Nazari, Arad"]
[Black "Tworuszka, Michal"]
[WhiteFideId "12577324"]
[BlackFideId "1117858"]
[WhiteElo "2367"]
[BlackElo "2260"]
[Result "0-1"]
[Round "04"]
[TimeControl "180+2"]
[Date "2023.01.31"]
[WhiteClock "0:00:02"]
[BlackClock "0:00:07"]

1. e4 c5 2. Nf3 d6 3. Bb5+ Bd7 4. Bxd7+ Nxd7 5. O-O Ngf6 6. Qe2 e6 7. c3 Be7 8. d4 cxd4 9. cxd4 d5 10. Nc3 dxe4 11. Nxe4 Nxe4 12. Qxe4 Qb6 13. Qg4 Bf6 14. d5 O-O 15. Be3 Qa6 16. dxe6 Qxe6 17. Qxe6 fxe6 18. Rad1 Nb6 19. b3 Nd5 20. Rfe1 Rfd8 21. Bd4 Kf7 22. Rc1 Rac8 23. Bxa7 Ra8 24. Bd4 Rxa2 25. g3 Rd7 26. Red1 Nb4 27. Bxf6 Rxd1+ 28. Rxd1 Kxf6 29. Rd7 Rb2 30. Rxb7 Nd3 31. Rd7 Nxf2 32. Nd2 Ng4 33. Rd4 h5 34. h3 Ne3 35. Kf2 Nf5 36. Rd3 g5 37. Kf3 Kg6 38. g4 hxg4+ 39. hxg4 Ne7 40. Ke4 Nd5 41. Ke5 Nf6 42. Kxe6 Nxg4 43. Nc4 Re2+ 44. Kd6 Nf6 45. b4 g4 46. b5 Kf5 47. b6 Re6+ 48. Kc7 Re7+ 49. Kc6 Ne4 50. b7 Re8 51. Rd5+ Kf4 52. Kc7 g3 53. Nb6 g2 54. Rd1 Nc5 55. Nd5+ Kg3 56. Nf6 Rf8 0-1


[Site "https://www.chess.com"]

[Event "Titled Tuesday Blitz January 31 Late 2023"]
[White "Tristan, Leonardo"]
[Black "Bas Mas, Jose Joaquin"]
[WhiteFideId "113816"]
[BlackFideId "22219064"]
[WhiteElo "2545"]
[BlackElo "2197"]
[Result "1-0"]
[Round "04"]
[TimeControl "180+2"]
[Date "2023.01.31"]
[WhiteClock "0:02:25"]
[BlackClock "0:00:51"]

1. d4 Nf6 2. Nf3 e6 3. Bf4 d5 4. e3 Bd6 5. Bg3 O-O 6. c4 Nbd7 7. Nc3 a6 8. Bxd6 cxd6 9. cxd5 exd5 10. Bd3 Re8 11. O-O Qb6 12. Na4 Qa5 13. a3 b5 14. Nc3 Bb7 15. Qb3 Nb6 16. a4 b4 17. Na2 Bc6 18. Qxb4 Qxb4 19. Nxb4 Bxa4 20. Nxa6 Rec8 21. Rfc1 h6 22. h3 Ne4 23. Nc7 Ra7 24. Nxd5 Rxc1+ 25. Rxc1 Nxf2 26. Bb1 1-0


[Site "https://www.chess.com"]

[Event "Titled Tuesday Blitz January 31 Late 2023"]
[White "Battlecruiser_Operational"]
[Black "Nigmatov, Ortik"]
[BlackFideId "14202131"]
[WhiteElo "2419"]
[BlackElo "2438"]
[Result "0-1"]
[Round "04"]
[TimeControl "180+2"]
[Date "2023.01.31"]
[WhiteClock "0:00:01"]
[BlackClock "0:00:18"]

1. d4 Nf6 2. c4 g6 3. Nc3 d5 4. cxd5 Nxd5 5. e4 Nxc3 6. bxc3 Bg7 7. Bc4 O-O 8. Ne2 c5 9. O-O Nc6 10. Be3 e6 11. Rb1 Na5 12. Bd3 cxd4 13. cxd4 b6 14. h4 Qxh4 15. Qd2 Qe7 16. e5 Bb7 17. Rfd1 Rac8 18. Bg5 f6 19. exf6 Bxf6 20. Bh6 Rf7 21. Qe3 Nc4 22. Bxc4 Rxc4 23. Nf4 Bg5 24. Nxg6 Bxe3 25. Nxe7+ Rxe7 26. Bxe3 Rg7 27. g3 Bd5 28. Rb2 h5 29. Kf1 h4 30. gxh4 Rg4 31. Ke2 Rxh4 32. Rg1+ Kf7 33. Kd3 Rh3 34. Rg4 Rh1 35. Rf4+ Ke8 36. Rg4 Rc7 37. Rg8+ Kf7 38. Rb8 Bf3 39. Bf4 Rd7 40. Be5 Rh3 41. Kd2 Be4 42. Rb3 Rh5 43. Ke3 Bd5 44. Rb2 Bc4 45. f3 Rh7 46. Rg2 b5 47. a3 a5 48. Rgg8 Ra7 49. Rgf8+ Ke7 50. Rbe8+ Kd7 51. Rd8+ Kc6 52. Rd6+ Kb7 53. Rfd8 Bd5 54. R8d7+ Kc8 55. Rxh7 Rxh7 56. Ra6 a4 57. f4 Rh3+ 58. Kf2 Rxa3 59. Rb6 Bc4 60. Rb8+ Kd7 61. Rb7+ Kc6 62. Rc7+ Kd5 63. Kg2 Ke4 64. Kf2 Rb3 65. Ra7 a3 66. Bd6 Rb2+ 67. Kg3 a2 68. Bc5 Rb1 0-1


[Site "https://www.chess.com"]

[Event "Titled Tuesday Blitz January 31 Late 2023"]
[White "Perske, Thore"]
[Black "OKEKE, Isaac Chukwudalu"]
[WhiteFideId "12902195"]
[BlackFideId "8508526"]
[WhiteElo "2448"]
[BlackElo "2155"]
[Result "1-0"]
[Round "04"]
[TimeControl "180+2"]
[Date "2023.01.31"]
[WhiteClock "0:00:20"]
[BlackClock "0:00:03"]

1. e4 c5 2. Nf3 d6 3. g3 Nf6 4. d3 g6 5. Bg2 Bg7 6. O-O O-O 7. Nc3 Nc6 8. h3 Rb8 9. a4 a6 10. Be3 b5 11. axb5 axb5 12. Qd2 Re8 13. Bh6 Bh8 14. Ng5 Nd4 15. f4 Nh5 16. g4 Bg7 17. Bxg7 Nxg7 18. f5 b4 19. Ne2 Nxe2+ 20. Qxe2 f6 21. Nf3 g5 22. h4 h6 23. Qd2 Rf8 24. c3 bxc3 25. bxc3 Bb7 26. c4 Bc6 27. Ra7 Rb7 28. Rxb7 Bxb7 29. Rb1 Bc6 30. Ra1 Qb6 31. Kf2 Rb8 32. Ke3 Qb2 33. Ra7 Qxd2+ 34. Nxd2 Rb7 35. Ra8+ Kf7 36. Rh8 gxh4 37. Rxh6 Rb2 38. Rxh4 Ba4 39. Bf3 Bc2 40. Be2 Ra2 41. Nf3 Ra3 42. g5 fxg5 43. Nxg5+ Kf6 44. Rh6+ Kxg5 45. Rg6+ Kh4 46. Rxg7 Ra7 47. f6 1-0


[Site "https://www.chess.com"]

[Event "Titled Tuesday Blitz January 31 Late 2023"]
[White "Pesotskiy, Mikhail"]
[Black "Taspinar, Yanki"]
[WhiteFideId "34164453"]
[BlackFideId "34561188"]
[WhiteElo "2153"]
[BlackElo "2262"]
[Result "0-1"]
[Round "04"]
[TimeControl "180+2"]
[Date "2023.01.31"]
[WhiteClock "0:00:16"]
[BlackClock "0:00:04"]

1. d4 Nf6 2. c4 c6 3. Nf3 d5 4. Nbd2 g6 5. e3 Bg7 6. Bd3 O-O 7. b3 Bg4 8. O-O Nbd7 9. Bb2 e6 10. h3 Bxf3 11. Qxf3 Rc8 12. Rfd1 Qa5 13. a3 Qb6 14. b4 Rfe8 15. e4 dxe4 16. Nxe4 Nxe4 17. Bxe4 Nf6 18. Bc2 Qd8 19. Rd3 b5 20. Rad1 bxc4 21. Rc3 Nd5 22. Rxc4 a5 23. Rc1 Qb6 24. Qb3 Rb8 25. Be4 Rec8 26. Bc3 Bf8 27. Bd2 axb4 28. axb4 Qb5 29. Bd3 Qb6 30. Be4 Qb5 31. Bd3 Qb7 32. Be4 Bd6 33. g3 Qb5 34. h4 h5 35. Bd3 Qb6 36. Be4 Be7 37. Bd3 Bf6 38. Qb2 Qb7 39. Be4 Rc7 40. R1c2 Rbc8 41. Qc1 Ne7 42. Bf4 Rd7 43. Bxc6 Nxc6 44. Rxc6 Rxc6 45. Rxc6 Qxb4 46. Rc8+ Kg7 47. Qc6 Qxd4 48. Qa8 Qd1+ 49. Kg2 Qd5+ 50. Qxd5 Rxd5 51. Be3 Rf5 52. Rc7 Be5 53. Rb7 Bd6 54. Rd7 Be5 55. Rb7 Bf6 56. Rd7 Rd5 57. Rb7 Rd3 58. Ra7 Rb3 59. Rd7 Rb2 60. Rc7 Be5 61. Rd7 Kf8 62. Ra7 Ke8 63. Bc5 Rc2 64. Bb4 Bd4 65. Re7+ Kd8 66. Rxf7 e5 67. Bd6 Ke8 68. Rf8+ Kd7 69. Ba3 Ke6 70. Bb4 Kd5 71. Be7 e4 72. Bg5 e3 73. Rd8+ Kc5 74. Rxd4 Kxd4 75. Bxe3+ Ke4 76. Ba7 Ra2 77. Be3 Rb2 78. Bg5 Rc2 79. Be3 Kf5 80. Bg5 Ra2 81. Be3 Ke4 82. Bg5 Kd3 83. Be3 Ke2 84. Bb6 Ke1 85. Be3 Rc2 86. Bb6 Rb2 87. Be3 Ke2 88. Ba7 Ra2 89. Bc5 Kd3 90. Bb6 Rc2 91. Be3 Ke4 92. Bg5 Rc3 93. Bh6 Rb3 94. Bg5 Kd3 95. Bh6 Ke2 96. Bg5 Ke1 97. Be3 Rb5 98. Bh6 Rf5 99. Be3 Ke2 100. Ba7 g5 101. hxg5 Rxg5 102. Be3 Rf5 103. Bf4 Kd3 104. Be3 Ke4 105. Ba7 Rf3 106. Bb6 Rb3 107. Be3 Kf5 108. Ba7 Kg4 109. Be3 Rd3 110. Ba7 h4 111. gxh4 Kxh4 112. Be3 Kg4 113. Ba7 Rd7 114. Be3 Rg7 115. Bb6 Kf4+ 116. Kf1 Kf3 117. Be3 Rb7 118. Kg1 Rb1+ 119. Kh2 Rb5 120. Kg1 Rh5 121. Bb6 Rh6 122. Be3 Rh8 123. Bb6 Rg8+ 124. Kh1 Kg4 125. Be3 Kh3 126. Bb6 Rb8 0-1


[Site "https://www.chess.com"]

[Event "Titled Tuesday Blitz January 31 Late 2023"]
[White "Garrido, Denis"]
[Black "Vlassov, Nikolai"]
[WhiteFideId "601217"]
[BlackFideId "4103360"]
[WhiteElo "2205"]
[BlackElo "2283"]
[Result "0-1"]
[Round "04"]
[TimeControl "180+2"]
[Date "2023.01.31"]
[WhiteClock "0:01:10"]
[BlackClock "0:01:43"]

1. e4 c5 2. Nf3 d6 3. d4 cxd4 4. Nxd4 Nf6 5. Nc3 g6 6. Be3 a6 7. f3 Nbd7 8. Qd2 Qc7 9. Be2 h5 10. h4 Bg7 11. O-O O-O 12. Rfe1 b5 13. a4 b4 14. Na2 a5 15. c3 bxc3 16. Nxc3 Ne5 17. Ncb5 Qb7 18. Rac1 Bd7 19. Rc7 Qb8 20. Rec1 Rc8 21. Rxc8+ Bxc8 22. f4 Neg4 23. Nc6 Qb7 24. Nxa5 Rxa5 25. Qxa5 Nxe3 26. Qd8+ Kh7 27. Rxc8 Qxe4 28. Bf3 Qb1+ 29. Kh2 Nfg4+ 30. Bxg4 Nxg4+ 31. Kh3 Qd3+ 32. g3 Qf1# 0-1


[Site "https://www.chess.com"]

[Event "Titled Tuesday Blitz January 31 Late 2023"]
[White "Gubajdullin, Alexei"]
[Black "Dylag, Emilia"]
[WhiteFideId "4141202"]
[BlackFideId "21805172"]
[WhiteElo "2285"]
[BlackElo "2095"]
[Result "1-0"]
[Round "04"]
[TimeControl "180+2"]
[Date "2023.01.31"]
[WhiteClock "0:00:26"]
[BlackClock "0:00:02"]

1. d4 Nf6 2. Nf3 e6 3. Bf4 d5 4. e3 c5 5. Nbd2 Bd6 6. Ne5 O-O 7. c3 Qc7 8. Bg3 Nfd7 9. f4 f6 10. Nxd7 Bxd7 11. Bd3 Nc6 12. Qh5 f5 13. a3 Be8 14. Qe2 a6 15. Bh4 b5 16. g4 c4 17. Bc2 a5 18. Rg1 Rb8 19. Nf3 b4 20. axb4 axb4 21. gxf5 exf5 22. Ne5 bxc3 23. bxc3 Bxe5 24. fxe5 Rb2 25. Qg2 Bh5 26. Bf6 g6 27. Qxd5+ Qf7 28. Qxf7+ Kxf7 29. Kd2 Rfb8 30. Rgb1 Bf3 31. Rxb2 Rxb2 32. Kc1 Rb7 33. Ra8 h6 34. Ba4 Bd5 35. Ra6 1-0


[Site "https://www.chess.com"]

[Event "Titled Tuesday Blitz January 31 Late 2023"]
[White "Rosenberg, Evan S"]
[Black "Kanakaris, Georgios"]
[WhiteFideId "2019299"]
[BlackFideId "4209460"]
[WhiteElo "1956"]
[BlackElo "2391"]
[Result "0-1"]
[Round "04"]
[TimeControl "180+2"]
[Date "2023.01.31"]
[WhiteClock "0:00:06"]
[BlackClock "0:00:45"]

1. d4 Nf6 2. Nf3 g6 3. Nc3 d5 4. Bf4 Bg7 5. Nb5 Na6 6. e3 O-O 7. h3 Ne4 8. Nd2 Nd6 9. Nxd6 cxd6 10. Bxa6 bxa6 11. O-O e5 12. Bg3 exd4 13. exd4 Bxd4 14. Nf3 Bxb2 15. Rb1 Ba3 16. Qxd5 Be6 17. Qd3 Qa5 18. Nd4 Bd7 19. Nb3 Qc7 20. Qxa6 Bb4 21. Nd4 Bc5 22. Nb5 Bxb5 23. Qxb5 Rab8 24. Qd3 Rfe8 25. Rxb8 Qxb8 26. Rd1 Re6 27. Qd5 Qb6 28. Rd3 Bxf2+ 29. Bxf2 Re1+ 30. Kh2 Qxf2 31. Rf3 Qg1+ 32. Kg3 Re6 33. Qa8+ Kg7 34. Qd5 Qe1+ 35. Kh2 Qe5+ 36. Qxe5+ dxe5 37. Ra3 a6 38. c4 e4 39. Kg1 f5 40. Kf2 f4 41. g3 e3+ 42. Ke2 f3+ 43. Kxf3 e2 44. Re3 Rxe3+ 0-1


[Site "https://www.chess.com"]

[Event "Titled Tuesday Blitz January 31 Late 2023"]
[White "Sohier, Julien"]
[Black "Leiva, Gianmarco"]
[WhiteFideId "645346"]
[BlackFideId "3804399"]
[WhiteElo "2214"]
[BlackElo "2392"]
[Result "1/2-1/2"]
[Round "04"]
[TimeControl "180+2"]
[Date "2023.01.31"]
[WhiteClock "0:00:09"]
[BlackClock "0:00:11"]

1. e4 c5 2. Nc3 Nc6 3. Bb5 Nd4 4. Nf3 a6 5. Bd3 e6 6. O-O Nc6 7. Nd5 d6 8. Re1 exd5 9. exd5+ Nce7 10. b4 Nf6 11. c4 g6 12. Bb2 Bg7 13. Qe2 Kf8 14. bxc5 dxc5 15. Ne5 Bf5 16. Qf3 h5 17. h3 Nd7 18. d6 Nxe5 19. dxe7+ Qxe7 20. Bxe5 Bxe5 21. Bxf5 Qf6 22. Qxb7 Rb8 23. Qa7 Qxf5 24. Qxc5+ Bd6 25. Qxd6+ Kg7 26. Qe5+ Qxe5 27. Rxe5 Rhd8 28. Rd1 Rb2 29. d4 Rxa2 30. d5 Rc2 31. Re4 a5 32. d6 a4 33. d7 a3 34. Re8 Rxd7 35. Rxd7 Rc1+ 36. Kh2 a2 37. Ra7 a1=Q 38. Rxa1 Rxa1 39. Rc8 Rc1 40. c5 h4 41. g3 hxg3+ 42. Kxg3 Rc3+ 43. f3 Kf6 44. Kf4 Ke7 45. h4 Rc4+ 46. Kg5 Kd7 47. Rf8 Ke7 48. Rc8 Kd7 49. Ra8 Rxc5+ 50. Kg4 Ke7 51. Ra7+ Kf6 52. Ra6+ Kg7 53. Ra7 Rc1 54. Kg3 Rg1+ 55. Kh2 Rf1 56. Kg2 Rb1 57. Kg3 Rb4 58. Kh3 Rf4 59. Kg3 Rf5 60. Kg4 Kh6 61. Ra6 Rb5 62. Kg3 Rb1 63. Rf6 Rb7 64. Ra6 Rb1 65. Ra5 Rg1+ 66. Kh2 Rd1 67. Kg2 f5 68. Kg3 Rg1+ 69. Kh2 Rf1 70. Kg2 Rb1 71. Ra8 Rb2+ 72. Kg3 Rb3 73. Rh8+ Kg7 74. Ra8 Rb4 75. Ra7+ Kh6 76. Ra8 Rc4 77. Rh8+ Kg7 78. Ra8 Rc1 79. Ra7+ Kh6 80. Ra8 Rg1+ 81. Kh2 Rf1 82. Kg2 Rb1 83. Rh8+ Kg7 84. Ra8 Rb4 85. Kg3 Rb7 86. Rc8 Rf7 87. Ra8 Rb7 88. Rc8 Rb1 89. Ra8 Rg1+ 90. Kh2 Re1 91. Kg2 Re7 92. Kg3 Kf6 93. Ra6+ Kf7 94. Ra8 Kg7 95. Kg2 Rd7 96. Rb8 Rd4 97. Kg3 Rc4 98. Ra8 Rc1 99. Ra7+ Kh6 100. Ra8 Rg1+ 101. Kh2 Rc1 102. Kg3 1/2-1/2


[Site "https://www.chess.com"]

[Event "Titled Tuesday Blitz January 31 Late 2023"]
[White "Naroditsky, Daniel"]
[Black "CheckBits"]
[WhiteFideId "2026961"]
[WhiteElo "2618"]
[BlackElo "2478"]
[Result "1-0"]
[Round "04"]
[TimeControl "180+2"]
[Date "2023.01.31"]
[WhiteClock "0:02:15"]
[BlackClock "0:00:02"]

1. e4 e5 2. Nf3 Nc6 3. Bb5 Nf6 4. O-O Nxe4 5. d4 Nd6 6. Ba4 e4 7. Ne5 Be7 8. Nc3 O-O 9. Re1 Re8 10. Nd5 Bf6 11. Ng4 Be7 12. Bb3 Bf8 13. Bf4 b5 14. Qd2 a5 15. Bg5 Be7 16. Nxe7+ Nxe7 17. Nf6+ Kh8 18. Nxe8 Qxe8 19. c3 f6 20. Bf4 Nef5 21. Bc2 Bb7 22. f3 Qg6 23. fxe4 Nh4 24. Qf2 Bxe4 25. Rxe4 Nxe4 26. Qxh4 d5 27. Bxc7 b4 28. Re1 bxc3 29. bxc3 Rc8 30. Bxe4 dxe4 31. Qxe4 1-0


[Site "https://www.chess.com"]

[Event "Titled Tuesday Blitz January 31 Late 2023"]
[White "Roux, Baptiste"]
[Black "Bortnyk, Olexandr"]
[WhiteFideId "36017450"]
[BlackFideId "14120828"]
[WhiteElo "2300"]
[BlackElo "2605"]
[Result "0-1"]
[Round "04"]
[TimeControl "180+2"]
[Date "2023.01.31"]
[WhiteClock "0:00:07"]
[BlackClock "0:01:33"]

1. e4 Nf6 2. e5 Nd5 3. c4 Nb6 4. d4 d6 5. exd6 exd6 6. Nc3 Be7 7. Bd3 O-O 8. Nge2 c6 9. O-O Na6 10. b3 d5 11. c5 Nd7 12. Bf4 Nc7 13. Bg3 g6 14. b4 a6 15. a4 Ne6 16. b5 Bf6 17. bxc6 bxc6 18. Bc2 Re8 19. Re1 a5 20. Bd6 Ba6 21. h3 Nxd4 22. Nxd4 Rxe1+ 23. Qxe1 Bxd4 24. Rd1 Bxc5 25. Bf4 Qf6 26. Qd2 Bb4 27. Nxd5 cxd5 28. Qxd5 Rc8 29. Bg5 Qe5 30. Qxd7 Qxg5 31. Bb3 Qf6 32. Rd5 Rc1+ 33. Kh2 Qf4+ 0-1


[Site "https://www.chess.com"]

[Event "Titled Tuesday Blitz January 31 Late 2023"]
[White "Baskakov, Egor"]
[Black "Veiga, Jose Francisco R P Neves"]
[WhiteFideId "24197866"]
[BlackFideId "1930087"]
[WhiteElo "2215"]
[BlackElo "2406"]
[Result "1/2-1/2"]
[Round "04"]
[TimeControl "180+2"]
[Date "2023.01.31"]
[WhiteClock "0:00:03"]
[BlackClock "0:00:09"]

1. e4 Nc6 2. Nc3 e5 3. g3 Bc5 4. Bg2 d6 5. h3 Nge7 6. Nge2 O-O 7. O-O f5 8. exf5 Bxf5 9. d3 Qd7 10. Kh2 d5 11. f4 d4 12. Ne4 Bd6 13. Nxd6 cxd6 14. g4 Be6 15. Ng3 Bd5 16. Ne4 Kh8 17. f5 Ng8 18. Bg5 Nf6 19. Nxf6 gxf6 20. Bxf6+ Rxf6 21. Bxd5 Ne7 22. Be6 Rxe6 23. fxe6 Qxe6 24. Qf3 Nd5 25. Qf7 Qxf7 26. Rxf7 Rc8 27. Rxb7 Rxc2+ 28. Kg3 Nf4 29. Rf1 Rg2+ 30. Kh4 Rh2 31. Rf3 h6 32. Rd7 Rxb2 33. Rxa7 Kg8 34. Rd7 Rxa2 35. Rxd6 Kg7 36. g5 hxg5+ 37. Kxg5 Rd2 38. Kf5 Rxd3 39. Rxd3 Nxd3 40. h4 Nf4 41. Kxe5 Ng6+ 42. Kxd4 Nxh4 43. Ke4 Ng6 44. Kf5 Ne7+ 45. Ke6 Ng8 46. Kf5 Ne7+ 47. Ke6 Ng8 48. Rd1 Kf8 49. Rd7 Ke8 50. Ra7 Kf8 51. Rb7 Nh6 52. Rh7 Ng8 53. Rh2 Ke8 54. Rg2 Kf8 55. Rg6 Ne7 56. Rf6+ Ke8 57. Rf7 Ng8 58. Rc7 Kf8 59. Kd6 Nh6 60. Ke5 Ng8 61. Kf5 Ne7+ 62. Ke6 Ng8 63. Rf7+ Ke8 64. Rf2 Nh6 65. Rf4 Ng8 66. Rg4 Kf8 67. Rg5 Nh6 68. Rg6 Ng8 69. Kf5 Ne7+ 70. Kf6 Nxg6 1/2-1/2


[Site "https://www.chess.com"]

[Event "Titled Tuesday Blitz January 31 Late 2023"]
[White "Ehlvest, Jaan"]
[Black "Bilych, Olexiy"]
[WhiteFideId "4500016"]
[BlackFideId "14156504"]
[WhiteElo "2530"]
[BlackElo "2441"]
[Result "0-1"]
[Round "04"]
[TimeControl "180+2"]
[Date "2023.01.31"]
[WhiteClock "0:00:03"]
[BlackClock "0:00:33"]

1. e4 c5 2. Nf3 d6 3. d4 cxd4 4. Nxd4 Nf6 5. Nc3 a6 6. Bc4 e6 7. Be3 b5 8. Bb3 Be7 9. Qe2 O-O 10. a3 Qc7 11. g4 Qb7 12. f3 Nc6 13. Nxc6 Qxc6 14. O-O-O Rb8 15. h4 a5 16. h5 b4 17. axb4 axb4 18. Nd5 exd5 19. g5 dxe4 20. gxf6 Bxf6 21. h6 Bxb2+ 22. Kb1 Bf6 23. hxg7 Re8 24. Qh2 Bf5 25. Rxd6 Qc3 26. Rxf6 Qxf6 27. fxe4 Bxe4 28. Qh5 Ra8 29. Bd4 Qg6 30. Qxg6 Bxg6 31. Rf1 Rad8 32. Bf6 Rd6 33. Rf4 Rxf6 34. Rxf6 Kxg7 35. Rb6 Re4 0-1


[Site "https://www.chess.com"]

[Event "Titled Tuesday Blitz January 31 Late 2023"]
[White "Real_OceanStorm"]
[Black "Viana Da Costa, Fernando"]
[BlackFideId "2111900"]
[WhiteElo "2671"]
[BlackElo "2228"]
[Result "0-1"]
[Round "04"]
[TimeControl "180+2"]
[Date "2023.01.31"]
[WhiteClock "0:00:24"]
[BlackClock "0:00:14"]

1. Nf3 Nf6 2. d4 e6 3. c4 b6 4. Nc3 Bb7 5. Bf4 Bb4 6. e3 O-O 7. h3 d5 8. Qb3 Bxc3+ 9. bxc3 dxc4 10. Qxc4 Nd5 11. Bg3 Ba6 12. Qb3 Bxf1 13. Kxf1 Nd7 14. e4 N5f6 15. Qc2 c5 16. Bh4 Qc8 17. c4 cxd4 18. e5 Nd5 19. Nxd4 Nb4 20. Qe2 Nc6 21. Nxc6 Qxc6 22. Rc1 Nc5 23. Be7 Rfc8 24. f3 Qd7 25. Bxc5 Rxc5 26. Rd1 Qc7 27. Qe4 Rc8 28. Rd4 Rxc4 29. Rxc4 Qxc4+ 30. Qxc4 Rxc4 31. Ke2 Rc2+ 32. Ke3 Rxa2 33. Rc1 g5 34. g3 a5 35. Rb1 Rh2 36. h4 gxh4 37. gxh4 Rxh4 38. Rxb6 Rb4 39. Ra6 a4 40. Kd2 Kg7 41. Kc3 Rb3+ 42. Kc2 Rxf3 43. Rxa4 h5 44. Kd2 Kg6 45. Ra1 h4 46. Rg1+ Kh5 47. Rg7 h3 48. Rh7+ Kg4 49. Rg7+ Kh4 50. Rh7+ Kg3 51. Ke2 Rf2+ 52. Ke3 Rf3+ 53. Ke2 Rf4 54. Rg7+ Rg4 55. Rxf7 h2 56. Rf1 Re4+ 57. Kd3 Rxe5 58. Kd4 Re2 0-1


[Site "https://www.chess.com"]

[Event "Titled Tuesday Blitz January 31 Late 2023"]
[White "Do Valle Cardoso, Lucas"]
[Black "Bambino Filho, Antonio Carlos"]
[WhiteFideId "2163144"]
[BlackFideId "2113163"]
[WhiteElo "2250"]
[BlackElo "2144"]
[Result "0-1"]
[Round "04"]
[TimeControl "180+2"]
[Date "2023.01.31"]
[WhiteClock "0:01:21"]
[BlackClock "0:01:05"]

1. e4 g6 2. d4 Bg7 3. Nc3 d6 4. Be3 c6 5. Qd2 b5 6. h4 h5 7. Nf3 Nd7 8. Ng5 Nb6 9. f3 e6 10. a4 b4 11. Nd1 a5 12. Nf2 Ne7 13. Nfh3 d5 14. e5 Ba6 15. Bxa6 Rxa6 16. Qd3 Ra8 17. b3 Qc8 18. c3 bxc3 19. Rc1 c5 20. dxc5 Nd7 21. f4 Nxc5 22. Qxc3 Nd7 23. Qxc8+ Rxc8 24. Rxc8+ Nxc8 25. Ke2 O-O 26. Rc1 Rd8 27. Rc7 Bf8 28. Ra7 Bb4 29. Nf2 Ncb6 30. Nxf7 Rc8 31. Ng5 Rc2+ 32. Kf3 Rc3 33. Nxe6 Bc5 34. Nxc5 d4 35. Nxd7 Rxe3# 0-1


[Site "https://www.chess.com"]